 Dungeon Crawl Stone Soup version 0.22.1-1-ga44c0e5 (webtiles) character file.

300 Gildeon the Cudgeler (level 5, 0/42 HPs)
             Began as a Demigod Skald on Oct 14, 2018.
             Slain by a gnoll (8 damage)
             ... on level 2 of the Dungeon.
             The game lasted 00:06:54 (1943 turns).

Gildeon the Cudgeler (Demigod Skald)                Turns: 1943, Time: 00:06:55

Health: 0/42       AC:  3    Str: 16    XL:     5   Next: 89%
Magic:  11/11      EV: 13    Int: 17    God:
Gold:   160        SH:  0    Dex: 15    Spells: 1/9 levels left

rFire    . . .     SeeInvis .   a - +0 mace
rCold    . . .     Gourm    .   (no shield)
rNeg     . . .     Faith    .   b - +0 leather armour
rPois    .         Spirit   .   (no helmet)
rElec    .         Reflect  .   (no cloak)
rCorr    .         Harm     .   (no gloves)
MR       .....                  (no boots)
Stlth    +.........             (no amulet)
HPRegen  0.14/turn              (no ring)
MPRegen  0.12/turn              (no ring)

@: confused, infused, singing
A: high mp 1
a: no special abilities


You were on level 2 of the Dungeon.
You were not hungry.

You visited 1 branch of the dungeon, and saw 3 of its levels.

You collected 160 gold pieces.

Inventory:

Hand Weapons
 a - a +0 mace (weapon)
Armour
 b - a +0 leather armour (worn)
 l - a +1 robe of resistance
Scrolls
 e - a scroll of magic mapping
Potions
 c - a potion of ambrosia
 h - a potion of haste {unknown}
 i - 2 potions of curing {unknown}
 j - 2 potions of degeneration {unknown}
 k - 2 potions of cancellation {unknown}
Comestibles
 d - 4 rations
 f - 3 chunks of flesh


   Skills:
 + Level 2.6 Fighting
 * Level 3.4 Maces & Flails
 + Level 2.1 Armour
 + Level 2.7 Dodging
 + Level 2.6 Spellcasting
 + Level 3.3 Charms


You had one spell level left.
You knew the following spells:

 Your Spells              Type           Power        Failure   Level  Hunger
a - Infusion              Chrm           ##..         5%          1    #......
b - Song of Slaying       Chrm           ##......     9%          2    ##.....
c - Shroud of Golubria    Chrm/Tloc      #.........   17%         2    ##.....
d - Regeneration          Chrm/Necr      #.........   32%         3    ###....

Your spell library contained the following spells:

 Spells                   Type           Power        Failure   Level  Hunger
 Spectral Weapon          Hex/Chrm       #.......     32%         3    ###....


Dungeon Overview and Level Annotations

Branches:
Dungeon (3/15)


Innate Abilities, Weirdness & Mutations

You have an increased reservoir of magic. (+10% MP)


Message History

There is a stone staircase leading down here.
You barely miss the gnoll. The gnoll closely misses you. x2
The gnoll barely misses you. The gnoll hits you.
* * * LOW HITPOINT WARNING * * *
The gnoll closely misses you. x2
You hit the gnoll.
The gnoll is lightly wounded.
The gnoll hits you.
* * * LOW HITPOINT WARNING * * *
The gnoll hits you.
* * * LOW HITPOINT WARNING * * *
The gnoll barely misses you.
As you read the scroll labeled DIPNAI WEHYM, it crumbles to dust.
It is a scroll of identify.
c - 2 potions of ambrosia The gnoll barely misses you.
The gnoll closely misses you. The gnoll barely misses you.
You are confused.
You feel invigorated. The gnoll closely misses you. The gnoll hits you!
You die...

#...........##..###...###......
##.........###.###.........##..
##...#...###..........##..##..
##.####.# #...........##.##.#
*#.#* #.# #...........##.##.#
##### #.# ##.#...####....#..#
*##_##*#.###..#.#.# ###.....#
*8...8*#..).g#g)#.## ##....#
*#.....##.....@.##..######.....
*8.....8#.....g.###.##.........
##.....##.......# #....####.###
#8...8##[......######.##.....#
**,,,,,*#..............#.......
*8.(...8#.......###....#.......
**.....*#......## #.##....._...
*8...8*#.....## #.##.#...)...
**#>#**#.#.### #.##.#.......


You could see 3 gnolls.

Vanquished Creatures
  Sigmund (D:2)
  An ogre (D:2)
  2 adders (D:2)
  An ooze (D:1)
  3 dart slugs
  2 ball pythons (D:1)
  4 bats
  2 giant cockroaches
  5 goblins
  3 hobgoblins
  3 kobolds
  2 frilled lizards (D:2)
  A rat (D:2)
30 creatures vanquished.

Notes
Turn   | Place    | Note
-------+----------+-------------------------------------------
     0 | D:1      | Gildeon the Demigod Skald began the quest for the Orb.
     0 | D:1      | Reached XP level 1. HP: 17/17 MP: 5/5
    14 | D:1      | Noticed a minotaur zombie
    73 | D:1      | Reached skill level 1 in Armour
   621 | D:1      | Reached XP level 2. HP: 24/24 MP: 2/7
   629 | D:1      | Learned a level 2 spell: Song of Slaying
  1309 | D:2      | Found an ornate altar of the Wu Jian Council.
  1315 | D:2      | Noticed an ogre
  1324 | D:2      | Killed an ogre
  1324 | D:2      | Reached XP level 3. HP: 9/29 MP: 1/9
  1324 | D:2      | Reached XP level 4. HP: 12/36 MP: 1/10
  1537 | D:2      | Learned a level 2 spell: Shroud of Golubria
  1647 | D:2      | Noticed Sigmund
  1668 | D:2      | Killed Sigmund
  1668 | D:2      | Reached XP level 5. HP: 28/42 MP: 5/11
  1677 | D:2      | Learned a level 3 spell: Regeneration
  1878 | D:2      | Found a blossoming altar of Fedhas.
  1943 | D:2      | Slain by a gnoll

Skill      XL: |  1  2  3  4 |
---------------+-------------+-----
Armour         | 1 2 |  2.1
Maces & Flails | 2 3 |  3.4
Dodging        | 2 |  2.7
Fighting       | 2 |  2.6
Spellcasting   | 2 |  2.6
Charms         | 3 |  3.3

Action                   |  1- 3 |  4- 6 || total
-------------------------+-------+-------++-------
Melee: Mace              |    45 |    54 ||    99
 Cast: Infusion          |    12 |     6 ||    18
       Song of Slaying   |       |     1 ||     1
  Use: Scroll            |     2 |     1 ||     3
       Potion            |       |     1 ||     1
 Stab: Sleeping          |       |     1 ||     1
  Eat: Chunk             |     1 |     3 ||     4
Armor: Leather armour    |    27 |    14 ||    41
Dodge: Dodged            |    40 |    52 ||    92
